 Dungeon Crawl Stone Soup version 0.27-a0-681-g0c81a3c1c3 (webtiles) character file.

Game seed: 18116327249998849612

4043 chippings the Charlatan (level 10, -4/76 HPs)
             Began as a Demonspawn Artificer on Mar 19, 2021.
             Was a Follower of Ashenzari.
             Collided with a rock wall (11 damage)
             ... caused by Erica
             ... on level 8 of the Dungeon.
             The game lasted 00:31:41 (11018 turns).

chippings the Charlatan (Demonspawn Artificer)     Turns: 11018, Time: 00:31:43

Health: -4/76      AC: 16    Str: 15    XL:     10   Next: 4%
Magic:  10/10      EV:  5    Int: 12    God:    Ashenzari [*.....]
Gold:   343        SH:  4    Dex: 15    Spells: 9/9 levels left

rFire    . . .     SeeInvis .   t - +2 hand axe (flame)
rCold    . . .     Faith    .   (no shield)
rNeg     . . .     Spirit   .   o - +0 plate armour "Cursed Entitlement" {Evo, Bglg} (curse)
rPois    .         Reflect  .   (no helmet)
rElec    .         Harm     .   (no cloak)
rCorr    .         Rampage  .   (no gloves)
Will     .....                  (no boots)
Stlth    ..........             s - amulet of Curses and Power {Regen+, Melee, Fort} (curse)
HPRegen  1.22/turn              (no ring)
MPRegen  0.12/turn              (no ring)

@: lethally poisoned (-4 -> -4)
A: claws 1, icemail 1, condensation shield
a: Renounce Religion, Shatter the Chains


You were on level 8 of the Dungeon.
You worshipped Ashenzari.
Ashenzari was aware of your devotion.
You visited 2 branches of the dungeon, and saw 10 of its levels.
You also visited: Ossuary.

You collected 385 gold pieces.
You spent 42 gold pieces at shops.

Inventory:

Hand Weapons
 d - a +0 battleaxe
 t - a +2 hand axe of flaming (weapon)
 A - a +0 morningstar
Armour
 j - a +0 plate armour
 o - the cursed +0 plate armour "Cursed Entitlement" (worn) {Evo, Bglg}
   (You found it on level 6 of the Dungeon)

   It has a curse placed upon it.
 y - a +0 chain mail
Jewellery
 s - the cursed amulet of Curses and Power (around neck) {Regen+, Melee, Fort}
   (You found it on level 7 of the Dungeon)

   [amulet of regeneration]

   It increases your rate of regeneration.
   It has a curse placed upon it.
Wands
 a - a wand of iceblast (4)
 c - a wand of flame (3) (quivered)
 e - a wand of random effects (2)
 n - a wand of polymorph (22)
 D - a wand of mindburst (10)
Scrolls
 f - 6 scrolls of teleportation
 i - a scroll of vulnerability
 l - a scroll of magic mapping
 m - a scroll of blinking
 q - 3 scrolls of identify
 r - a scroll of immolation
 v - a scroll of enchant armour
 w - a scroll of silence
 B - a scroll of fear
 C - a scroll of fog
Potions
 b - 3 potions of might
 g - a potion of heal wounds
 h - a potion of resistance
 k - 3 potions of curing
 p - a potion of lignification
 u - a potion of ambrosia
 x - 2 potions of brilliance
 z - a potion of attraction


   Skills:
 - Level 6.0 Fighting
 - Level 5.1(6.1) Long Blades
 * Level 6.1(7.2) Axes
 - Level 1.4(4.4) Maces & Flails
 + Level 5.5(6.5) Armour
 - Level 3.0 Dodging
 - Level 0.8 Stealth
 - Level 7.4(8.5) Evocations


You had 9 spell levels left.
You didn't know any spells.
Your spell library contained the following spells:

 Spells                   Type           Power      Damage    Failure   Level
 Poisonous Vapours        Pois/Air       0%         N/A       100%        2
 Conjure Flame            Conj/Fire      0%         6-21      100%        3
 Mephitic Cloud           Conj/Pois/Air  0%         N/A       100%        3
 Freezing Cloud           Conj/Ice/Air   0%         6-21      100%        6


Dungeon Overview and Level Annotations

Branches:
Dungeon (9/15)             Temple (1/1) D:5         Ossuary (visited)
   Lair: D:8-11         Orc: D:9-12

Altars:
Ashenzari
Cheibriados
Dithmenos
Elyvilon
Fedhas
Gozag
Hepliaklqana
Kikubaaqudgha
Makhleb
Nemelex Xobeh
Okawaru
Qazlal
Ru
Sif Muna
Trog
Uskayaw
Vehumet
Wu Jian
Xom
Yredelemnul
Zin
The Shining One

Shops:
D:2 =   D:4 ?   D:7 (

Annotations:
D:8 Erica


Innate Abilities, Weirdness & Mutations

You have sharp fingernails.
A meltable icy envelope protects you from harm. (AC +4)
A meltable shield of frost defends you. (SH +4)


Message History

Deactivating autopickup; reactivate with Ctrl-A.
You barely miss the orc warrior.
The orc warrior is lightly wounded.
An orc comes into view.
The orc warrior hits you with a +0 mace.
You barely miss the orc warrior.
The orc warrior is lightly wounded.
An orc comes into view. It is wielding a +0 dagger.
The orc warrior hits you but does no damage.
The orc shouts!
You hit the orc warrior but do no damage.
The orc warrior is lightly wounded.
The orc warrior hits you but does no damage.
A puff of flame appears from out of thin air!
You block the puff of flame.
The orc warrior throws a boomerang.
The boomerang hits you!
Things that are here:
a +0 hand axe; an orc corpse The orc warrior throws a boomerang.
The boomerang hits you but does no damage.
Things that are here:
a +0 dagger; a +0 robe; an orc corpse The orc warrior throws a boomerang.
The boomerang hits you!
There is a stone staircase leading up, spattered with blood here.
You climb upwards.
Reactivating autopickup.
There is a stone staircase leading down, spattered with blood here.
Erica is nearby!
Erica is nearby!
Erica shouts!
Erica gestures at you while chanting. The bolt of poison hits you!!
You are poisoned.
You feel sick. Erica gestures at you while chanting.
The lance of force hits you!
* * * LOW HITPOINT WARNING * * *
You are knocked back by the lance of force.
You slam into the rock wall!
You die...

.##.'...♣.#..'..#................
.##.'..#.♣...'..####'#########...
#####♣♣##.#♣♣#..##...........#...
♣..♣ #...#............... ♣♣♣♣
#...#............... ######
##.###........≈≈≈≈≈≈.
#....###..#..@..####.≈≈≈≈≈≈.
#....#....#.....# #.≈≈⌠_≈≈.
#....#...)#@.)[.# #.≈≈>.≈≈.
#....#....#....)# #.≈≈≈≈≈≈.
#....#....#.....# #.≈≈≈≈≈≈.
#....#....#[>)..####....)...
#....###########......#####.
#....#.........#......# #.
#....'.........'......# #.
#....###########......# #. ######
######## ##


You could see Erica.

Vanquished Creatures
  A troll (D:8)
  Grinder (D:6)
  4 yaks (D:9)
  Menkaure (Ossuary)
  An orc warrior (D:6)
  3 black bears
  2 sky beasts
  4 ogres
  3 centaurs
  4 phantoms
  A bullfrog (D:9)
  2 scorpions
  5 killer bees (D:8)
  A quasit (D:6)
  2 centaur zombies
  A bullfrog zombie (D:8)
  4 hounds
  3 orc priests (D:7)
  Jessica (D:2)
  10 orc wizards
  8 worker ants
  A killer bee zombie (D:8)
  A hound zombie (D:6)
  2 hound skeletons (D:6)
  3 mummies (Ossuary)
  A worker ant zombie (D:6)
  A howler monkey skeleton (D:4)
  7 adders
  2 gnolls (D:4)
  4 shadow imps
  2 white imps
  3 ufetubi (D:5)
  2 oozes
  2 adder zombies
  An adder skeleton (D:5)
  A worm (D:4)
  A dart slug (D:1)
  2 leopard geckos
  27 orcs
  4 ball pythons
  2 giant cockroaches
  5 goblins (D:1)
  2 hobgoblins (D:2)
  2 jackals
  A kobold (D:1)
  7 quokkas
  4 frilled lizards
  6 gnoll skeletons (Ossuary)
  4 gnoll zombies (Ossuary)
  5 goblin skeletons (Ossuary)
  2 goblin zombies (Ossuary)
  5 hobgoblin skeletons (Ossuary)
  2 hobgoblin zombies (Ossuary)
  A jackal skeleton (D:7)
  2 kobold skeletons (Ossuary)
  6 kobold zombies (Ossuary)
  4 orc skeletons (Ossuary)
  7 orc zombies (Ossuary)
  5 rats
  3 rat skeletons (Ossuary)
  4 rat zombies (Ossuary)
208 creatures vanquished.

Vanquished Creatures (collateral kills)
  An orc priest (D:5)
  Natasha (D:2)
  An orc wizard (D:6)
  An adder skeleton (D:4)
  A leopard gecko (D:4)
  2 orcs
  A ball python (D:2)
  A giant cockroach (D:2)
  4 jackals
  A rat (D:2)
14 creatures vanquished.

Vanquished Creatures (others)
  An orc priest (D:5)
  Ijyb (D:4)
2 creatures vanquished.

Grand Total: 224 creatures vanquished

Notes
Turn   | Place    | Note
-------+----------+-------------------------------------------
     0 | D:1      | chippings the Demonspawn Artificer began the quest for the
                  | Orb.
     0 | D:1      | Reached XP level 1. HP: 15/15 MP: 1/1
   902 | D:1      | Gained mutation: A meltable shield of frost defends you.
                  | (SH +4) [demonic ancestry]
   902 | D:1      | Reached XP level 2. HP: 21/21 MP: 2/2
  1741 | D:2      | Noticed Natasha
  1746 | D:2      | Noticed a crimson imp
  1748 | D:2      | Noticed a crimson imp
  2133 | D:2      | Found Igadeacw's Jewellery Emporium.
  2164 | D:2      | Killed Natasha
  2165 | D:2      | Gained mutation: A meltable icy envelope protects you from
                  | harm. (AC +4) [demonic ancestry]
  2165 | D:2      | Reached XP level 3. HP: 28/28 MP: 3/3
  2259 | D:2      | Noticed Jessica
  2270 | D:2      | Reached skill level 1 in Dodging
  2276 | D:2      | Killed Jessica
  2277 | D:2      | Reached XP level 4. HP: 34/34 MP: 4/4
  2312 | D:2      | Reached skill level 4 in Evocations
  2792 | D:2      | You fall into a shaft and drop 2 floors!
  2891 | D:4      | Noticed a phantom
  2913 | D:4      | Killed a phantom
  2914 | D:4      | Reached skill level 1 in Long Blades
  2914 | D:4      | Gained mutation: You have sharp fingernails. [demonic
                  | ancestry]
  2914 | D:4      | Reached XP level 5. HP: 26/41 MP: 5/5
  2955 | D:4      | Noticed Ijyb
  2977 | D:4      | Your ally died
  3036 | D:4      | Reached XP level 6. HP: 22/47 MP: 6/6
  3354 | D:4      | Found Umil's Magic Scroll Emporium.
  3362 | D:4      | Bought a scroll of teleportation for 42 gold pieces
  4104 | D:5      | Entered Level 5 of the Dungeon
  4411 | D:5      | Found a staircase to the Ecumenical Temple.
  4411 | D:5      | Noticed a sky beast
  4429 | D:5      | Killed a sky beast
  4430 | D:5      | Reached skill level 5 in Evocations
  4430 | D:5      | Reached XP level 7. HP: 44/53 MP: 7/7
  4434 | Temple   | Entered the Ecumenical Temple
  4748 | Temple   | Became a worshipper of Ashenzari the Shackled
  6990 | D:6      | Reached XP level 8. HP: 40/61 MP: 8/8
  7359 | D:6      | Reached * piety under Ashenzari
  7434 | D:6      | Noticed Grinder
  7436 | D:6      | Paralysed by Grinder for 4 turns
  7445 | D:6      | Killed Grinder
  7446 | D:6      | Reached skill level 5 in Long Blades
  7687 | D:6      | Reached skill level 5 in Fighting
  8073 | D:6      | Reached skill level 1 in Axes
  8073 | D:6      | Reached skill level 6 in Evocations
  8649 | D:7      | Found a sand-covered staircase.
  8656 | Ossuary  | Entered an ossuary
  8929 | Ossuary  | Noticed Menkaure
  8939 | Ossuary  | Killed Menkaure
  8940 | Ossuary  | Reached XP level 9. HP: 18/68 MP: 9/9
  9410 | D:7      | Found Weusiaroi's Antique Weapon Boutique.
  9651 | D:8      | Reached skill level 1 in Maces & Flails
 10160 | D:8      | Reached skill level 7 in Evocations
 10599 | D:9      | Reached skill level 5 in Axes
 10599 | D:9      | Reached skill level 5 in Armour
 10776 | D:9      | Noticed Erica
 10866 | D:9      | Noticed a troll
 10946 | D:8      | Killed a troll
 10947 | D:8      | Reached XP level 10. HP: 24/76 MP: 10/10
 11018 | D:8      | Collided with a rock wall

Illustrated notes

Levels and vault maps discovered:
D:1:      minmay_arrival_four_loops, layout_loops_corners, dk_noncrumbling_3,
          amcnicky_mini_rare_corridor_liquid
D:2:      layout_loops_cross, serial_shops, nicolae_shop_behind_doors,
          minmay_tetromino_t2, uniq_jessica, uniq_natasha
D:3:      layout_loops_cross
D:4:      layout_basic, serial_shops, shop, uniq_ijyb
D:5:      layout_layer_cave, minmay_temple_entry_wispy
D:6:      layout_loops_ring, uniq_grinder
D:7:      layout_basic, serial_shops, shop, chequers_ossuary_entry_cave
D:8:      layout_gridville, general_overflow_altar, kennysheep_generic_room_4
D:9:      minmay_the_grid_octo_triangle [minmay_the_grid_octo_teeth,
          minmay_the_grid_octo_prize_single_spiral,
          minmay_the_grid_octo_tetromino_candy], layout_basic,
          hangedman_pestilent_swarm, kennysheep_generic_room_10, uniq_erica,
          uniq_prince_ribbit1
Temple:   roderic_octagonal_lattice_temple

Skill      XL: |  1  2  3  4  5  6  7  8  9 |
---------------+----------------------------+-----
Fighting       | 2 3 4 5 6 |  6.0
Dodging        | 1 2 3 |  3.0
Evocations     | 4 5 6 7 |  7.4
Long Blades    | 1 2 3 4 5 |  5.1
Armour         | 2 3 5 |  5.5
Axes           | 3 6 |  6.1
Maces & Flails | 1 |  1.4
Stealth        | |  0.8

Action                   |  1- 3 |  4- 6 |  7- 9 | 10-12 || total
-------------------------+-------+-------+-------+-------++-------
Melee: Club              |    98 |    46 |       |       ||   144
       Falchion          |       |   143 |   479 |       ||   622
       Hand axe          |       |       |   379 |     8 ||   387
Invok: Curse Item        |       |       |     3 |       ||     3
       Shatter the Chain |       |       |     1 |       ||     1
Evoke: Wand              |    14 |    27 |    22 |       ||    63
  Use: Potion            |       |     3 |       |       ||     3
       Scroll            |       |       |     1 |       ||     1
 Stab: Sleeping          |     1 |       |       |       ||     1
       Confused          |       |     2 |     2 |       ||     4
Armor: Ring mail         |    39 |    60 |       |       ||    99
       Leather armour    |     2 |       |       |       ||     2
       Scale mail        |       |    33 |    92 |       ||   125
       Plate armour      |       |       |   546 |     7 ||   553
Dodge: Dodged            |    56 |   114 |   253 |     1 ||   424
Block: Other             |    10 |    31 |   140 |     1 ||   182
       Rpst.: Falchion   |       |    28 |    33 |       ||    61

Table legend: (Time is in decaauts)
 A = Elapsed time spent in this place.
 B = Non-inter-level travel time spent in this place.
 C = Inter-level travel time spent in this place.
 D = Time resting spent in this place.
 E = Time spent auto-exploring this place.
 F = Levels seen in this place.
 G = Mean time per level.
                   A        B        C        D        E       F      G
               +--------+--------+--------+--------+--------+-----+--------+
         Total |  11135 |  10916 |    219 |    773 |   6396 |  11 | 1012.3 |
       Dungeon |  10383 |  10174 |    209 |    773 |   6396 |   9 | 1153.7 |
        Temple |    333 |    323 |     10 |      0 |      0 |   1 |  333.0 |
       Ossuary |    418 |    418 |      0 |      0 |      0 |   1 |  418.0 |
               +--------+--------+--------+--------+--------+-----+--------+

Top non-repeatable levels by time:
     D:5: 2484 daAuts
     D:1: 1859 daAuts
     D:6: 1514 daAuts
     D:4: 1310 daAuts
     D:8: 1191 daAuts
     D:2: 979 daAuts
     D:7: 728 daAuts
 Ossuary: 418 daAuts
  Temple: 333 daAuts
     D:9: 309 daAuts
     D:3: 5 daAuts
